 Dungeon Crawl Stone Soup version 0.24-a0-181-gd121a6d4c0 (webtiles) character file.

Game seed: 7731710458114894679

81 MrRokkomies the Vandal (level 4, -12/30 HPs)
             Began as a Halfling Hunter on Mar 14, 2019.
             Splashed by an orc's acid (13 damage)
             ... on level 3 of the Dungeon.
             The game lasted 00:05:42 (2036 turns).

MrRokkomies the Vandal (Halfling Hunter)            Turns: 2036, Time: 00:05:43

Health: -12/30     AC:  7    Str: 14    XL:     4   Next: 67%
Magic:  4/4        EV: 14    Int:  9    God:
Gold:   74         SH:  0    Dex: 14    Spells: 3/3 levels left

rFire    . . .     SeeInvis +   a - +1 hunting sling
rCold    . . .     Gourm    .   (shield restricted)
rNeg     . . .     Faith    .   s - +0 ring mail
rPois    .         Spirit   .   (no helmet)
rElec    .         Reflect  .   (no cloak)
rCorr    .         Harm     .   j - +1 pair of gloves
MR       .....                  (no boots)
Stlth    +.........             c - amulet of the acrobat
HPRegen  0.10/turn              p - ring of see invisible
MPRegen  0.09/turn              (no ring)

@: no status effects
A: small, mutation resistance 1
a: no special abilities


You were on level 3 of the Dungeon.
You were not hungry.

You visited 1 branch of the dungeon, and saw 3 of its levels.

You collected 74 gold pieces.

Inventory:

Hand Weapons
 a - a +1 hunting sling (weapon)
 b - a +3 short sword
 o - a +2 antimagic dagger
Missiles
 d - 21 sling bullets
 g - 47 stones (quivered)
 q - 3 needles of paralysis
 r - 14 poisoned needles
Armour
 j - a +1 pair of gloves (worn)
 s - a +0 ring mail (worn)
Jewellery
 c - an amulet of the acrobat (around neck)
 p - a ring of see invisible (left hand)
Scrolls
 i - 2 scrolls of enchant armour
 k - a scroll of fear
 l - a scroll of enchant weapon {unknown}
 m - 2 scrolls of magic mapping
 n - a scroll of identify
Potions
 e - a potion of haste
Comestibles
 f - 5 rations


   Skills:
 * Level 2.9 Fighting
 + Level 6.3 Slings
 * Level 3.5 Dodging
 - Level 1.1 Stealth


You had 3 spell levels left.
You didn't know any spells.
Your spell library was empty.

Dungeon Overview and Level Annotations

Branches:
Dungeon (3/15)

Altars:
Zin

Annotations:
D:3 1 runed translucent door


Innate Abilities, Weirdness & Mutations

You are small and have problems with some larger weapons.
You are somewhat resistant to further mutation.


Message History

The stone closely misses the orc.
Firing (i - inventory. (/) - cycle)
g - 50 stones (quivered)
Press: ? - help, Shift-Dir - straight line, f/p - frilled lizard
Aim: a frilled lizard You shoot a stone.
The stone hits the frilled lizard!
You kill the frilled lizard!
A rat comes into view.
Firing (i - inventory. (/) - cycle)
g - 49 stones (quivered)
Press: ? - help, Shift-Dir - straight line, f - orc
Aim: an orc, wielding a -2 mace and carrying a wand of acid (10)
You shoot a stone. The stone closely misses the orc.
Firing (i - inventory. (/) - cycle)
g - 48 stones (quivered)
Press: ? - help, Shift-Dir - straight line, f/p - orc
Aim: an orc, wielding a -2 mace and carrying a wand of acid (10)
You shoot a stone. The stone barely misses the orc.
The orc zaps a wand.
The bolt of acid hits you!!
Ouch! That really hurt!
* * * LOW HITPOINT WARNING * * *
You are splashed with acid!
You die...

#....##...#....##
##.######..# ...#
#.# ##.## #.. #.#
#..# ### #.#
##.### # #.#
#...### ##.#
###...## #).#
###..# #@## #....
#......# #.###
#......# #. #
#...%..# #. ##
#..(...# #. #.
#..o.... .....
#...r..## .#
#..(...#


You could see an orc and a rat.

Vanquished Creatures
  3 adders (D:2)
  A worm (D:3)
  A leopard gecko (D:2)
  3 giant cockroaches (D:1)
  7 goblins
  7 hobgoblins
  4 jackals (D:3)
  5 bats
  5 frilled lizards
  6 kobolds
  7 rats
49 creatures vanquished.

Notes
Turn   | Place    | Note
-------+----------+-------------------------------------------
     0 | D:1      | MrRokkomies the Halfling Hunter began the quest for the
                  | Orb.
     0 | D:1      | Reached XP level 1. HP: 14/14 MP: 1/1
    90 | D:1      | Reached XP level 2. HP: 19/19 MP: 2/2
   163 | D:1      | Reached skill level 6 in Slings
   553 | D:1      | Reached XP level 3. HP: 24/24 MP: 3/3
  1121 | D:2      | Reached XP level 4. HP: 25/30 MP: 4/4
  1901 | D:3      | Found a glowing silver altar of Zin.
  1902 | D:3      | Found a runed translucent door.
  1902 | D:3      | Noticed an angel
  2036 | D:3      | HP: 1/30 [orc/wand of acid (10) (29)]
  2036 | D:3      | Splashed by an orc's acid

Levels and vault maps discovered:
D:1:      scummos_arrival_simple_fountains, layout_loops_ring
D:2:      minmay_door_path, layout_loops_cross, first_ration
D:3:      layout_rooms, marbit_many_paths, lemuel_angel_altar,
          uniq_crazy_yiuf_cottage

Skill      XL: |  1  2  3 |
---------------+----------+-----
Fighting       | 2 |  2.9
Slings         | 6 |  6.3
Dodging        | 3 |  3.5
Stealth        | |  1.1

Action                   |  1- 3 |  4- 6 || total
-------------------------+-------+-------++-------
Melee: Short sword       |    70 |    34 ||   104
 Fire: Hunting sling     |     4 |    32 ||    36
  Use: Scroll            |       |     8 ||     8
 Stab: Sleeping          |     4 |       ||     4
  Eat: Chunk             |     1 |     3 ||     4
Armor: Leather armour    |     8 |       ||     8
       Ring mail         |       |    12 ||    12
Dodge: Dodged            |    46 |    36 ||    82

Table legend:
 A = Non-vault XP
 B = Vault XP
 C = Vault XP percentage of total XP
 D = Non-vault monster count
 E = Vault monster count
 F = Vault count percentage of total count
                 A         B        C        D         E       F
            +---------+---------+-------+---------+---------+-------
      Total |     113 |       3 |   2.6 |      47 |       2 |   4.1
            +---------+---------+-------+---------+---------+-------
        D:1 |      30 |       0 |   0.0 |      21 |       0 |   0.0
        D:2 |      63 |       3 |   4.5 |      17 |       2 |  10.5
        D:3 |      20 |       0 |   0.0 |       9 |       0 |   0.0
            +---------+---------+-------+---------+---------+-------
